 Dungeon Crawl Stone Soup version 0.16-a0-328-gfd822c7 (webtiles) character file.

17978 Ratboiler the Martial Artist (level 12, -1/86 HPs)
             Began as an Octopode Transmuter on Sept 6, 2014.
             Was an Initiate of Gozag.
             Slain by an elephant (15 damage)
             ... on Level 3 of the Lair of Beasts.
             The game lasted 01:11:09 (18162 turns).

Ratboiler the Martial Artist (Octopode Transmuter) Turns: 18162, Time: 01:11:10

HP  -1/86        AC  3     Str 11      XL: 12   Next: 53%
MP  31/38        EV 19     Int 15      God: Gozag
Gold 856         SH  0     Dex 18      Spells:  4 memorised, 14 levels left

rFire  + . .     SeeInvis .     b - melded +1 blowgun
rCold  x . .     Clarity  .     (shield currently unavailable)
rNeg   . . .     rCorr    .     l - +2 hat
rPois  .         rRot     .     (no amulet)
rElec  .         Spirit   .     m - ring of magical power
SustAb .         Warding  .     a - ring of flight
rMut   .         Stasis   .     x - ring of fire
Gourm  .                        (no ring)
MR     .....                    (no ring)
                                (no ring)
                                (no ring)
                                (no ring)

@: lethally poisoned, blade tentacles, not resistant to hostile enchantments,
fairly stealthy
A: almost no armour, amphibious, 8 rings, constrict 8, camouflage 1, high mp 1,
strong 1, gelatinous body 1, placid magic 1
a: End Transformation, Potion Petition, Call Merchant, Bribe Branch, Renounce
Religion, Evoke Flight


You were on level 3 of the Lair of Beasts.
You worshipped Gozag.
Gozag was noncommittal.
You were full.
Your tentacles were blades.
You visited 2 branches of the dungeon, and saw 13 of its levels.

You collected 2120 gold pieces.
You paid 1264 gold pieces to Gozag.

Inventory:

Hand weapons
 b - a +1 blowgun (melded)
 q - the cursed +3 whip of Conscience {slash, -Cast rPois Dex+2}
   (You found it on level 4 of the Dungeon)

   It inflicts extra damage upon your enemies.
   It affects your dexterity (+2).
   It protects you from poison.
   It prevents spellcasting.
   It has a curse placed upon it.
 u - the +0 war axe of Ruination {venom, rC+ rN+}
   (You found it on level 4 of the Dungeon)

   It poisons the flesh of those it strikes.
   It protects you from cold.
   It protects you from negative energy.
 C - the cursed +5 long sword of Tholux {vamp, rF+, unknown}
   (You found it on level 7 of the Dungeon)

   It inflicts no extra harm, but heals its wielder somewhat when it strikes a
   living foe.
   It protects you from fire.
   It has a curse placed upon it.
Missiles
 i - 73 poisoned needles
 j - 16 needles of slowing
 w - 139 arrows
 D - 11 arrows of flame
Armour
 l - a +2 hat (worn)
Magical devices
 r - a wand of polymorph (3)
 v - a wand of magic darts (8)
 z - a wand of polymorph (9)
 H - a wand of random effects (13)
 J - a wand of polymorph (9)
 O - a wand of flame (5)
Scrolls
 c - 2 scrolls of enchant armour
 e - a scroll of magic mapping
 f - a scroll of enchant weapon
 g - 5 scrolls of remove curse
 h - a scroll of amnesia
 n - a scroll of identify
 p - 3 scrolls of blinking
 s - 2 scrolls of fear
 t - 2 scrolls of immolation
 y - a scroll of noise
 A - 2 scrolls of fog
 M - a scroll of torment
Jewellery
 a - a ring of flight (right scythe-like blade)
 m - a ring of magical power (left scythe-like blade)
 x - a ring of fire (on tentacle)
Potions
 o - 3 potions of restore abilities
 B - a potion of poison
 F - a potion of invisibility
 G - a potion of cure mutation
Books
 d - a book of Changes

   Spells                             Type                      Level
   *Beastly Appendage                 Transmutation                1
   *Sticks to Snakes                  Transmutation                2
   *Spider Form                       Transmutation/Poison         3
   Ice Form                           Ice/Transmutation            4
   *Blade Hands                       Transmutation                5
 k - a book of Hinderance

   Spells                             Type                      Level
   Confusing Touch                    Hexes                        2
   Confuse                            Hexes                        3
   Petrify                            Transmutation/Earth          4
   Leda's Liquefaction                Hexes/Earth                  4
   Metabolic Englaciation             Hexes/Ice                    5
   Summon Mana Viper                  Hexes/Summoning              5
 E - a book of the Earth

   Spells                             Type                      Level
   Leda's Liquefaction                Hexes/Earth                  4
   Bolt of Magma                      Conjuration/Fire/Earth       5
   Statue Form                        Transmutation/Earth          6
   Iron Shot                          Conjuration/Earth            6
   Shatter                            Earth                        9


   Skills:
 + Level 9.4 Fighting
 + Level 9.4 Dodging
 + Level 10.2 Unarmed Combat
 * Level 7.1 Spellcasting
 - Level 10.0 Transmutations


You had 14 spell levels left.
You knew the following spells:

 Your Spells              Type           Power        Failure   Level  Hunger
a - Beastly Appendage     Trmt           ###...       4%          1    None
b - Sticks to Snakes      Trmt           ###.......   5%          2    None
c - Spider Form           Trmt/Pois      ##........   22%         3    ##.....
d - Blade Hands           Trmt           ###.......   26%         5    #####..


Dungeon Overview and Level Annotations

Branches:
Dungeon (10/15)            Temple (0/1) D:7             Orc (0/4) D:9
   Lair (3/8) D:9
  Swamp: Lair:3-6    Shoals: Lair:3-6     Snake: Lair:3-6    Spider: Lair:3-6

Altars:
Cheibriados
Dithmenos
Elyvilon
Fedhas
Gozag
Nemelex Xobeh
Okawaru
Sif Muna
Trog
Vehumet
Xom
Yredelemnul
The Shining One

Shops:
D:12 =

Annotations:
D:3 Ratboiler's ghost, average OpTm
D:4 Sigmund
Lair:3 Snorg


Innate Abilities, Weirdness & Mutations

You cannot wear most types of armour.
You are amphibious.
You can wear up to eight rings at the same time.
You can use your tentacles to constrict many enemies at once.
Your skin changes colour to match your surroundings (Stealth).
Your rubbery body absorbs attacks (AC +1).
You have an increased reservoir of magic (+10% MP).
Your muscles are strong. (Str +2)
Your spells are a little easier to cast, but a little less powerful.


Message History

You slice the elephant!!
The elephant is heavily wounded.
Your tentacles revert to their normal proportions.
Your +1 blowgun unmelds from your body.
Casting: Blade Hands
Confirm with . or Enter, or press ? or * to list all spells.
Your tentacles turn into razor-sharp scythe blades.
Your +1 blowgun melds into your body.
You feel sick. The elephant closely misses you. The elephant barely misses you.
You hit the elephant but do no damage. You squeeze the elephant.
The elephant is heavily wounded.
The elephant tramples you!
* * * LOW HITPOINT WARNING * * *
You hold your ground!
The elephant trunk-slaps you.
* * * LOW HITPOINT WARNING * * *
You slash the elephant!
The elephant is severely wounded.
The elephant tramples you!
You die...
Your body crumbles into a pile of gold.

.......## ##.##..♣≈.≈. .......#
##..#.....≈.≈ ##....##
###.#...♣≈≈≈.. .#...#
###.##....≈....≈≈
........##........♣≈≈.≈≈≈
....P.#.#.#.#.#.......≈≈≈
....P#........)....≈≈≈...
....#.#>#.#.#Y#....≈... ..≈
...........$#@$♣.≈≈≈≈...≈≈≈...
....#.#.#.#.####.....≈≈..≈≈!.≈≈
.............##...≈≈≈.≈..≈≈.≈..
....#.#.#.#.#.##..♣.≈.≈≈≈...≈.≈
.............Y...Y♣≈.≈.≈.≈.≈..
..#.#.#.#.#....Y..♣...≈.≈≈.♣.
.....................♣......
.............................
.....................((....(


You could see an elephant.

Vanquished Creatures
  Gastronok (Lair:3)
  3 elephants (Lair:3)
  5 komodo dragons
  8 spiny frogs
  A fire drake (Lair:2)
  9 blink frogs (Lair:2)
  A basilisk (Lair:2)
  2 spriggans (Lair:3)
  3 hippogriffs
  27 yaks
  A wyvern (D:9)
  A hungry ghost (D:8)
  3 porcupines
  4 water moccasins
  A sky beast (D:6)
  4 orc warriors
  2 ogres
  5 black bears
  A big kobold (D:7)
  4 centaurs
  3 crocodiles
  5 giant frogs
  8 wights
  13 killer bees
  4 crimson imps
  2 jellies
  8 orc priests
  5 goliath beetles
  6 iguanas
  6 hounds
  6 orc wizards
  5 worker ants
  A big kobold zombie (D:5)
  A big kobold skeleton (D:5)
  3 mummies
  A hound zombie (D:8)
  A scorpion zombie (D:8)
  33 green rats
  12 adders
  2 shadow imps
  2 giant mites (D:3)
  A worm (D:3)
  An adder zombie (D:5)
  2 iguana zombies (D:5)
  5 giant geckos
  An ooze (D:2)
  40 orcs
  19 bats
  3 giant cockroaches
  19 goblins
  15 hobgoblins
  7 quokkas
  A ball python (D:3)
  5 giant newts
  A giant spore (D:6)
  A hobgoblin skeleton (D:5)
  11 jackals
  19 kobolds
  A kobold zombie (D:5)
  12 rats
  2 rat skeletons (D:5)
  17 ballistomycetes (D:6)
396 creatures vanquished.

Vanquished Creatures (collateral kills)
  A rat (Lair:3)
  A fungus (Lair:3)
2 creatures vanquished.

Vanquished Creatures (others)
  A bat (D:4)
  5 giant spores (D:6)
  3 fungi
9 creatures vanquished.

Grand Total: 407 creatures vanquished

Notes
Turn   | Place    | Note
--------------------------------------------------------------
     0 | D:1      | Ratboiler, the Octopode Transmuter, began the quest for the Orb.
     0 | D:1      | Reached XP level 1. HP: 13/13 MP: 3/3
   178 | D:1      | Reached XP level 2. HP: 12/18 MP: 4/4
   275 | D:1      | Learned a level 2 spell: Sticks to Snakes
   734 | D:1      | Reached XP level 3. HP: 6/23 MP: 6/6
  1252 | D:2      | Learned a level 3 spell: Spider Form
  1964 | D:2      | Reached XP level 4. HP: 28/28 MP: 7/7
  2409 | D:3      | Found a blossoming altar of Fedhas.
  2560 | D:3      | Reached skill level 4 in Transmutations
  2785 | D:3      | Found a glowing golden altar of the Shining One.
  2786 | D:3      | Noticed Ratboiler's ghost (average OpTm)
  3010 | D:4      | Reached XP level 5. HP: 33/33 MP: 9/9
  3012 | D:4      | Got a bloodstained whip
  3013 | D:4      | Identified the cursed +3 whip of Conscience {slash, -Cast rPois Dex+2} (You found it on level 4 of the Dungeon)
  3039 | D:4      | Got a pitted war axe
  3111 | D:4      | Identified the cursed +0 war axe of Ruination {venom, rC+ rN+} (You found it on level 4 of the Dungeon)
  3289 | D:4      | Noticed Sigmund
  3311 | D:4      | Found a white marble altar of Elyvilon.
  3345 | D:4      | Reached skill level 5 in Transmutations
  3554 | D:5      | Entered Level 5 of the Dungeon
  3554 | D:5      | Noticed an ogre
  3635 | D:5      | Reached XP level 6. HP: 34/38 MP: 10/10
  3769 | D:5      | Noticed a centaur
  3780 | D:5      | Killed a centaur
  3813 | D:5      | Found an opulent altar of Gozag.
  3813 | D:5      | Found a sparkling altar of Nemelex Xobeh.
  3822 | D:5      | Became a worshipper of Gozag Ym Sagoz the Greedy
  4304 | D:5      | Noticed a phantom
  4681 | D:6      | Reached XP level 7. HP: 38/44 MP: 12/12
  4723 | D:6      | Found a deep blue altar of Sif Muna.
  4902 | D:6      | Reached skill level 5 in Unarmed Combat
  4914 | D:6      | Found a shimmering altar of Xom.
  4915 | D:6      | Found a shimmering altar of Xom.
  4915 | D:6      | Found a shimmering altar of Xom.
  4928 | D:6      | Found a shimmering altar of Xom.
  4929 | D:6      | Found a shimmering altar of Xom.
  5971 | D:6      | Reached XP level 8. HP: 52/52 MP: 13/13
  6037 | D:5      | Killed an ogre
  6037 | D:5      | Reached skill level 6 in Unarmed Combat
  6467 | D:6      | Found a basalt altar of Yredelemnul.
  6517 | D:6      | Found a snail-covered altar of Cheibriados.
  6999 | D:7      | Found a staircase to the Ecumenical Temple.
  7146 | D:7      | Reached skill level 5 in Dodging
  7184 | D:7      | Got a dazzling long sword
  7204 | D:7      | Reached skill level 5 in Fighting
  7264 | D:7      | Learned a level 5 spell: Blade Hands
  7322 | D:7      | Reached XP level 9. HP: 54/61 MP: 14/14
  7349 | D:7      | Reached skill level 7 in Unarmed Combat
  7444 | D:7      | Found a bloodstained altar of Trog.
  9514 | D:8      | Found a shadowy altar of Dithmenos.
  9515 | D:8      | Found an iron altar of Okawaru.
  9519 | D:8      | Found a radiant altar of Vehumet.
  9688 | D:9      | Reached XP level 10. HP: 61/69 MP: 16/16
  9750 | D:9      | Reached skill level 8 in Unarmed Combat
  9878 | D:9      | Found a staircase to the Orcish Mines.
 10350 | D:9      | Noticed a spiny frog
 10360 | D:9      | Killed a spiny frog
 10369 | D:9      | Found a staircase to the Lair.
 11742 | D:9      | Reached skill level 9 in Transmutations
 12239 | D:10     | Entered Level 10 of the Dungeon
 12239 | D:10     | Noticed a hill giant
 12478 | Lair:1   | Entered Level 1 of the Lair of Beasts
 12557 | Lair:1   | Gained mutation: You have an increased reservoir of magic (+10% MP). [potion of mutation]
 12557 | Lair:1   | Gained mutation: Your muscles are strong. (Str +2) [potion of mutation]
 12557 | Lair:1   | Gained mutation: Your spells are a little easier to cast, but a little less powerful. [potion of mutation]
 12558 | Lair:1   | Identified a scroll of acquirement
 12600 | Lair:1   | Reached XP level 11. HP: 53/75 MP: 16/18
 13741 | Lair:1   | Reached skill level 10 in Transmutations
 15016 | Lair:2   | HP: 2/77 [green rat (7)]
 15622 | Lair:2   | Reached skill level 5 in Spellcasting
 16667 | Lair:2   | Reached XP level 12. HP: 73/84 MP: 27/27
 16976 | Lair:3   | Noticed Snorg
 17045 | Lair:2   | Reached skill level 10 in Unarmed Combat
 17900 | Lair:3   | Noticed Gastronok
 17939 | Lair:3   | Killed Gastronok
 18162 | Lair:3   | Slain by an elephant

Action                   |  1- 3 |  4- 6 |  7- 9 | 10-12 || total
-------------------------+-------+-------+-------+-------++-------
Melee: Unarmed           |   119 |   144 |   344 |   499 ||  1106
       War axe           |       |    63 |       |       ||    63
 Fire: Blowgun           |       |       |    74 |    90 ||   164
 Cast: Beastly Appendage |     8 |     7 |    18 |    24 ||    57
       Spider Form       |       |    16 |    18 |    14 ||    48
       Sticks to Snakes  |       |     5 |     2 |    10 ||    17
       Blade Hands       |       |       |       |    31 ||    31
Invok: Potion Petition   |       |       |     1 |     3 ||     4
       Call Merchant     |       |       |       |     1 ||     1
Evoke: Wand              |       |     2 |     1 |     1 ||     4
  Use: Potion            |     1 |     1 |     3 |     2 ||     7
       Scroll            |       |     2 |     2 |    20 ||    24
 Stab: Sleeping          |     3 |    10 |     7 |     9 ||    29
       Distracted        |       |       |     1 |     5 ||     6
  Eat: Chunk             |     3 |     8 |       |       ||    11
       Pizza             |       |     2 |       |       ||     2
       Meat ration       |       |     1 |       |     1 ||     2
       Bread ration      |       |       |     3 |       ||     3
       Fruit             |       |       |     4 |    13 ||    17
       Beef jerky        |       |       |       |     2 ||     2
